 Dungeon Crawl Stone Soup version 0.29.0-13-gc9e81de378 (webtiles) character file.

Game seed: 6684655924415508773

1429 capka3m the Ruffian (level 8, 0/76 (78) HPs)
             Began as a Troll Monk on Sept 8, 2022.
             Slain by a +2 mace of chaos (13 damage)
             ... on level 6 of the Dungeon on Sept 9, 2022.
             The game lasted 00:07:44 (4491 turns).

capka3m the Ruffian (Troll Monk)                    Turns: 4491, Time: 00:07:44

HP:   0/76 (78)     AC:  7    Str: 20    XL:     8   Next: 44%
MP:   7/7           EV:  8    Int:  6    God:
Gold: 305           SH: 13    Dex: 14    Spells: 7/7 levels left

rFire   . . .      SeeInvis .     - Unarmed
rCold   . . .      Faith    .   n - +0 tower shield
rNeg    . . .      Spirit   .   p - +2 robe {Will+}
rPois   .          Reflect  .   e - +1 hat
rElec   .          Harm     .   u - scarf {shadows}
rCorr   .          Rampage  .   (gloves unavailable)
Will    +....                   (boots unavailable)
Stlth   ++........              (no amulet)
HPRegen 1.02/turn               (no ring)
MPRegen 0.10/turn               (no ring)

@: lightly drained
A: large, unfitting armour, claws 3, regeneration 1, shaggy fur 1, tough skin 1
a: no special abilities


You were on level 6 of the Dungeon.
You visited 1 branch of the dungeon, and saw 6 of its levels.

You collected 305 gold pieces.

Inventory:

Missiles
 a - 14 boomerangs (quivered)
 o - 5 large rocks
Armour
 e - a +1 hat (worn)
 n - a +0 tower shield (worn)
 p - a +2 robe of willpower (worn)
 u - a scarf of shadows (worn)
Jewellery
 t - a ring of wizardry
 C - a ring of flight
 G - a ring of willpower
Wands
 y - a wand of polymorph (3)
Scrolls
 c - 3 scrolls of amnesia {unknown}
 f - a scroll of vulnerability {unknown}
 g - 2 scrolls of enchant weapon {unknown}
 h - a scroll of silence {unknown}
 i - 4 scrolls of teleportation {unknown}
 k - 2 scrolls of immolation {unknown}
 s - a scroll of poison {unknown}
 w - 4 scrolls of identify {unknown}
 x - a scroll of magic mapping {unknown}
 z - 2 scrolls of fear {unknown}
 D - a scroll of brand weapon {unknown}
 E - a scroll of butterflies {unknown}
Potions
 b - 2 potions of ambrosia
 j - 2 potions of resistance {unknown}
 l - 2 potions of brilliance {unknown}
 m - 2 potions of attraction {unknown}
 q - a potion of might {unknown}
 r - 2 potions of degeneration {unknown}
 v - a potion of invisibility {unknown}
 A - 2 potions of mutation {unknown}
 B - a potion of heal wounds {unknown}
 F - a potion of lignification {unknown}


   Skills:
 + Level 4.2 Fighting
 + Level 3.3 Throwing
 + Level 4.4 Dodging
 - Level 1.0 Stealth
 + Level 3.4 Shields
 * Level 6.9 Unarmed Combat


You had 7 spell levels left.
You didn't know any spells.
Your spell library contained the following spells:

 Spells                   Type           Power      Damage    Failure   Level
 Blink                    Tloc           0%         N/A       99%         2
 Dazzling Flash           Conj/Hex       0%         N/A       100%        3
 Lesser Beckoning         Tloc           0%         N/A       100%        3
 Ozocubu's Armour         Ice            0%         N/A       100%        3
 Tukima's Dance           Hex            0%         N/A       100%        3
 Passage of Golubria      Tloc           0%         N/A       100%        4
 Agony                    Necr           0%         N/A       100%        5
 Manifold Assault         Tloc           0%         N/A       100%        5
 Metabolic Englaciation   Hex/Ice        0%         N/A       100%        5
 Silence                  Hex/Air        0%         N/A       100%        5
 Yara's Violent Unravell  Hex/Tmut       0%         3d3       100%        5
 Simulacrum               Ice/Necr       0%         N/A       100%        6


Dungeon Overview and Level Annotations

Branches:
Dungeon (6/15)             Temple (0/1) D:4

Altars:
Cheibriados
Hepliaklqana
Ru
Uskayaw
Xom

Shops:
D:4 *


Innate Abilities, Weirdness & Mutations

You are too large for most types of armour.
You have claws for hands.
Your natural rate of healing is unusually fast.
You are covered in fur. (AC +1)
You have tough skin. (AC +1)


Message History

Your Throwing skill increases to level 3!
You feel sick.
You feel sick.
You feel sick.
You feel sick.
You feel sick.
You feel sick.
You are no longer poisoned.
HP restored.
Done exploring.
You climb downwards.
The +2 mace of chaos hits you! The +2 mace of chaos burns you.
The +2 mace of chaos hits you!
You are poisoned.
There is a stone staircase leading up, spattered with blood here.
You closely miss the +2 mace of chaos.
You feel very sick. The +2 mace of chaos hits you.
The +2 mace of chaos burns you. The +2 mace of chaos hits you.
The +2 mace of chaos burns you.
You miss the +2 mace of chaos.
You feel very sick. The +2 mace of chaos hits you.
You are more poisoned.
You block the +2 mace of chaos's attack.
You scratch the +2 mace of chaos but do no damage.
You feel very sick. The +2 mace of chaos barely misses you.
You miss the +2 mace of chaos.
You feel very sick. The +2 mace of chaos hits you!
* * * LOW HITPOINT WARNING * * *
You feel drained.
* * * LOW HITPOINT WARNING * * *
You block the +2 mace of chaos's attack.
It was a potion of curing.
You feel better. The +2 mace of chaos hits you!
* * * LOW HITPOINT WARNING * * *
The +2 mace of chaos freezes you.
* * * LOW HITPOINT WARNING * * *
You block the +2 mace of chaos's attack.
You feel better. The +2 mace of chaos hits you!
You die...

........## ##.##.#
#........... #..######
####.# ##........#.
...# ##.##.##
#........... .###
#._$#..# #..........#
##
###'###.####......>...#
#.....................#
#........)............#
###..................##
###.@(............##
#..........######
#..........#
#..........#
#..........#
############


You could see a +2 mace of chaos.

Vanquished Creatures
  The ghost of paps the Covert, a novice OpDe (D:5)
  An orc warrior (D:6)
  A black bear (D:6)
  An ogre (D:5)
  2 phantoms
  A necrophage (D:5)
  2 scorpions
  2 hounds
  2 orc priests (D:6)
  An iguana (D:5)
  3 orc wizards
  Terence (D:2)
  6 adders
  2 white imps (D:6)
  3 ufetubi
  5 dart slugs
  25 orcs
  3 ball pythons (D:4)
  6 endoplasms
  5 giant cockroaches
  5 goblins
  7 hobgoblins
  7 jackals
  2 kobolds (D:1)
  8 bats
  2 frilled lizards (D:2)
  7 rats
111 creatures vanquished.

Notes
Turn   | Place    | Note
-------+----------+-------------------------------------------
     0 | D:1      | capka3m the Troll Monk began the quest for the Orb.
     0 | D:1      | Reached XP level 1. HP: 22/22 MP: 0/0
    71 | D:1      | Reached XP level 2. HP: 25/29 MP: 1/1
   543 | D:1      | Found a faded altar of an unknown god.
   862 | D:2      | Reached XP level 3. HP: 33/36 MP: 2/2
   959 | D:2      | Noticed Terence
   971 | D:2      | Killed Terence
  1144 | D:3      | Reached XP level 4. HP: 44/44 MP: 3/3
  1209 | D:3      | Reached skill level 4 in Unarmed Combat
  1278 | D:3      | Noticed a scorpion
  1293 | D:3      | Killed a scorpion
  1294 | D:3      | Reached skill level 1 in Throwing
  1294 | D:3      | Reached skill level 1 in Shields
  1294 | D:3      | Reached XP level 5. HP: 44/53 MP: 4/4
  1929 | D:4      | Found a staircase to the Ecumenical Temple.
  2004 | D:4      | Noticed a phantom
  2018 | D:4      | Killed a phantom
  2019 | D:4      | Reached XP level 6. HP: 61/61 MP: 5/5
  2395 | D:4      | Found Domypuud's Lightly-Used Armoury.
  2418 | D:4      | Found a hazy altar of Hepliaklqana.
  2419 | D:4      | Found a sacrificial altar of Ru.
  2935 | D:5      | Entered Level 5 of the Dungeon
  3015 | D:5      | Reached skill level 5 in Unarmed Combat
  3056 | D:5      | Found a hide-covered altar of Uskayaw.
  3181 | D:5      | Found a snail-covered altar of Cheibriados.
  3370 | D:5      | Noticed an orc warrior
  3403 | D:6      | Killed an orc warrior
  3404 | D:6      | Reached XP level 7. HP: 28/67 MP: 6/6
  3806 | D:6      | Reached skill level 6 in Unarmed Combat
  4064 | D:6      | Reached XP level 8. HP: 69/78 MP: 7/7
  4204 | D:6      | Found a runed translucent door.
  4308 | D:6      | Found a shimmering altar of Xom.
  4308 | D:6      | Noticed paps's ghost (novice OpDe)
  4308 | D:6      | Noticed a +2 mace of chaos
  4409 | D:5      | Killed paps's ghost
  4490 | D:6      | HP: 3/76 [+2 mace of chaos (5)]
  4491 | D:6      | Slain by a +2 mace of chaos

Illustrated notes

Levels and vault maps discovered:
D:1:      minmay_arrival_stone_box, layout_loops_ring,
          hellmonk_ecumenical_altar_defaced_shrine
D:2:      layout_rooms, uniq_terence
D:3:      layout_loops_cross
D:4:      layout_layer_cave, mainiacjoe_overflow_divided_tiny, temple_pool_b,
          serial_co_window_serial, co_window_paths_b,
          co_window_of_opportunity_a, co_window_paths_a, co_window_cross_1,
          co_window_corner_a, co_window_corner_b, co_window_corner_ca,
          co_window_2corner, co_window_sun, co_window_paths_d,
          chequers_serial_rivers_small_b, amcnicky_mini_corridor_feature,
          minmay_shop_damaged, minmay_misc_feat_hallway
D:5:      layout_cave_pods, nicolae_overflow_crystal_walls,
          kennysheep_slug_shrine
D:6:      layout_rooms, ebering_ghost_xom, grunt_decor_resistance

Skill      XL: |  1  2  3  4  5  6  7  8 |
---------------+-------------------------+-----
Unarmed Combat | 4 5 6 |  6.9
Fighting       | 3 4 |  4.2
Throwing       | 1 2 3 |  3.3
Dodging        | 3 4 |  4.4
Shields        | 1 2 3 |  3.4
Stealth        | |  1.0

Action                   |  1- 3 |  4- 6 |  7- 9 || total
-------------------------+-------+-------+-------++-------
Melee: Unarmed           |    85 |   138 |   127 ||   350
Throw: Boomerang         |       |       |     2 ||     2
  Use: Potion            |       |       |     2 ||     2
 Stab: Sleeping          |     2 |     5 |     1 ||     8
Armor: Robe              |    31 |    43 |    49 ||   123
Dodge: Dodged            |    27 |    33 |    38 ||    98
Block: Tower shield      |    19 |    75 |   115 ||   209
